 Dungeon Crawl Stone Soup version 0.27.1 (webtiles) character file.

Game seed: 7488006265112028950

1073 ABBCCCDDDD the Ruffian (level 8, -5/56 HPs)
             Began as an Octopode Abyssal Knight on Sept 2, 2021.
             Was an Elder of Lugonu.
             Killed by divine providence
             ... invoked by an orc priest
              (14 damage)
             ... on level 5 of the Dungeon.
             The game lasted 00:13:17 (7037 turns).

ABBCCCDDDD the Ruffian (Octopode Abyssal Knight)    Turns: 7037, Time: 00:13:18

Health: -5/56      AC:  1    Str: 12    XL:     8   Next: 29%
Magic:  9/9        EV: 13    Int: 16    God:    Lugonu [****..]
Gold:   149        SH:  0    Dex: 17    Spells: 7/9 levels left

rFire    . . .     SeeInvis .     - Unarmed
rCold    + . .     Faith    .   (no shield)
rNeg     . . .     Spirit   .   (helmet restricted)
rPois    .         Reflect  .   q - amulet of magic regeneration
rElec    .         Harm     .   b - ring of willpower
rCorr    .         Rampage  .   i - +6 ring of dexterity
Will     +....                  k - ring of protection from cold
Stlth    ++........             (no ring)
HPRegen  0.18/turn              (no ring)
MPRegen  0.36/turn              (no ring)
                                (no ring)
                                (no ring)

@: silenced
A: almost no armour, amphibious, 8 rings, camouflage 1, gelatinous body 1,
(nimble swimmer 1), tentacles
a: Renounce Religion


You were on level 5 of the Dungeon.
You worshipped Lugonu.
Lugonu was greatly pleased with you.
You visited 1 branch of the dungeon, and saw 6 of its levels.
You visited the Abyss 1 time.
You also visited: Ossuary.

You collected 248 gold pieces.
You spent 99 gold pieces at shops.

Inventory:

Hand Weapons
 f - a +0 trident
Missiles
 e - 2 boomerangs (quivered)
 y - an atropa-tipped dart
Jewellery
 b - a ring of willpower (left tentacle)
 i - a +6 ring of dexterity (right tentacle)
 j - a ring of ice
 k - a ring of protection from cold (on tentacle)
 q - an amulet of magic regeneration (around mantle)
 t - a ring of ice
Scrolls
 d - a scroll of silence
 g - a scroll of fog
 h - 2 scrolls of teleportation
 m - 2 scrolls of noise {unknown}
 n - a scroll of immolation
 o - a scroll of enchant weapon
 r - a scroll of torment {unknown}
 s - a scroll of amnesia {unknown}
Potions
 a - 3 potions of attraction
 c - a potion of magic
 l - a potion of might
 p - 2 potions of curing
 u - 2 potions of cancellation {unknown}
 v - a potion of brilliance {unknown}
 w - a potion of mutation {unknown}
 x - a potion of invisibility {unknown}
 z - a potion of heal wounds {unknown}
 A - 4 potions of haste
 B - a potion of flight {unknown}


   Skills:
 + Level 5.5 Fighting
 - Level 2.3 Dodging
 * Level 6.8 Unarmed Combat
 - Level 1.0 Spellcasting
 - Level 3.0 Transmutations
 - Level 3.0 Earth Magic
 - Level 2.0 Invocations


You had 7 spell levels left.
You knew the following spells:

 Your Spells              Type           Power      Damage    Failure   Level
a - Passwall              Tmut/Erth      8%         N/A       10%         2

Your spell library contained the following spells:

 Spells                   Type           Power      Damage    Failure   Level
 Swiftness                Air            0%         N/A       56%         3
 Invisibility             Hex            0%         N/A       100%        6


Dungeon Overview and Level Annotations

Branches:
Dungeon (6/15)             Temple (0/1) D:4         Ossuary (visited)

Altars:
Hepliaklqana

Shops:
D:2 ?


Innate Abilities, Weirdness & Mutations

You cannot wear most types of armour.
You are amphibious.
You can wear up to eight rings at the same time.
Your skin changes colour to match your surroundings (Stealth+).
Your rubbery body absorbs attacks. (AC +1, EV +1)
((You are camouflaged near water. (Stealth+)))
You have tentacles for arms and can constrict up to eight enemies at once.


Message History

You kill the orc priest!
Lugonu accepts your kill.
You can now corrupt the fabric of space.
The orc hits you with a +0 mace.
* * * LOW HITPOINT WARNING * * *
You barely miss the orc. You grab the orc. You constrict the orc.
You completely miss the orc.
The orc is lightly wounded.
You constrict the orc. The orc misses you.
You tentacle-slap the orc.
The orc is severely wounded.
You constrict the orc.
You kill the orc!
Lugonu accepts your kill.
An orc priest comes into view. It is wielding a +0 whip.
You feel better. The orc hits you with a +0 mace.
* * * LOW HITPOINT WARNING * * *
You feel better. The orc misses you.
You tentacle-slap the orc. You grab the orc.
The orc is moderately wounded.
You constrict the orc. The orc hits you with a +0 mace.
You bludgeon the orc!
You kill the orc!
Lugonu accepts your kill.
You tentacle-slap the orc priest. Your grab misses the orc priest.
Your squeeze misses the orc priest.
The orc priest is moderately wounded.
The orc priest hits you with a +0 whip!
* * * LOW HITPOINT WARNING * * *
You tentacle-slap the orc priest. Your grab misses the orc priest.
Your tentacle-slap misses the orc priest.
The orc priest is moderately wounded.
The orc priest hits you with a +0 whip.
* * * LOW HITPOINT WARNING * * *
You closely miss the orc priest. You grab the orc priest.
The orc priest is moderately wounded.
You constrict the orc priest, but do no damage.
The orc priest invokes the aid of Beogh against you.
Beogh smites you!
You die...

##############
#............# ###
#.##########.# ..
#.##########.## #.
#..............
####.#.####.#............
.......)@o5..............
...#.#.###)..............
... ................
..... o...........#....
....o.o.............#....
.............#...........
.........................
.....(...................
.....#......


You could see an orc priest and a white imp.

Levels and vault maps discovered:
D:1:      dpeg_chamrin_arrival_tetris, layout_basic
D:2:      layout_loops_ring, serial_shops, nicolae_shop_waterfront,
          chequers_ecumenical_altar_simple, serial_park_tiny_pond,
          dk_noncrumbling_3, kennysheep_generic_room_8
D:3:      layout_rooms, minmay_puff
D:4:      layout_basic, minmay_temple_entry_overgrown, gup_sewer_entry_glass,
          serial_bayou_pond_d
D:5:      layout_basic, nicolae_overflow_crystal_walls,
          nicolae_ossuary_entry_plus
D:6:      layout_cave_pods, amcnicky_mini_corridor_feature

Notes
Turn   | Place    | Note
-------+----------+-------------------------------------------
     0 | Abyss:1  | ABBCCCDDDD the Octopode Abyssal Knight began the quest for
                  | the Orb.
     0 | Abyss:1  | Reached XP level 1. HP: 16/16 MP: 2/2
    57 | Abyss:2  | Noticed a water elemental
    58 | D:1      | Escaped the Abyss
   263 | D:1      | Reached XP level 2. HP: 13/21 MP: 3/3
   962 | D:1      | Reached * piety under Lugonu
  1361 | D:1      | Reached XP level 3. HP: 24/26 MP: 4/4
  1364 | D:1      | Learned a level 2 spell: Passwall
  1520 | D:2      | Found a faded altar of an unknown god.
  1532 | D:2      | Reached skill level 3 in Unarmed Combat
  1954 | D:2      | Reached skill level 1 in Spellcasting
  2180 | D:2      | Found Ummitufe's Magic Scroll Emporium.
  2189 | D:2      | Bought a scroll of identify for 22 gold pieces
  2189 | D:2      | Bought a scroll of teleportation for 33 gold pieces
  2190 | D:2      | Bought a scroll of fog for 22 gold pieces
  2190 | D:2      | Bought a scroll of identify for 22 gold pieces
  2230 | D:2      | Reached XP level 4. HP: 31/31 MP: 5/5
  3079 | D:3      | Reached ** piety under Lugonu
  3080 | D:3      | Reached skill level 1 in Earth Magic
  3293 | D:3      | Reached skill level 1 in Transmutations
  3353 | D:3      | Reached XP level 5. HP: 29/37 MP: 6/6
  3835 | D:4      | Noticed an ogre
  4081 | D:4      | Reached skill level 4 in Unarmed Combat
  4199 | D:4      | Reached XP level 6. HP: 33/43 MP: 7/7
  5080 | D:4      | Found a staircase to the Ecumenical Temple.
  5156 | D:5      | Entered Level 5 of the Dungeon
  5234 | D:5      | Reached XP level 7. HP: 49/49 MP: 8/8
  5379 | D:5      | Found a hazy altar of Hepliaklqana.
  5393 | D:5      | Reached skill level 5 in Unarmed Combat
  5567 | D:5      | Found a sand-covered staircase.
  5575 | Ossuary  | Entered an ossuary
  5712 | Ossuary  | Reached *** piety under Lugonu
  6053 | Ossuary  | Reached skill level 5 in Fighting
  6053 | Ossuary  | Reached skill level 6 in Unarmed Combat
  6058 | Ossuary  | Reached XP level 8. HP: 34/55 MP: 9/9
  7027 | D:5      | Reached **** piety under Lugonu
  7037 | D:5      | Killed from afar by an orc priest

Table legend: (Time is in decaauts)
 A = Elapsed time spent in this place.
 B = Non-inter-level travel time spent in this place.
 C = Inter-level travel time spent in this place.
 D = Time resting spent in this place.
 E = Time spent auto-exploring this place.
 F = Levels seen in this place.
 G = Mean time per level.
                   A        B        C        D        E       F      G
               +--------+--------+--------+--------+--------+-----+--------+
         Total |   6995 |   6591 |    404 |   2502 |   2636 |   9 |  777.2 |
       Dungeon |   6158 |   5754 |    404 |   1945 |   2583 |   6 | 1026.3 |
         Abyss |     57 |     57 |      0 |      0 |     44 |   2 |   28.5 |
       Ossuary |    779 |    779 |      0 |    557 |      9 |   1 |  779.0 |
               +--------+--------+--------+--------+--------+-----+--------+

Top non-repeatable levels by time:
     D:4: 1651 daAuts
     D:1: 1457 daAuts
     D:3: 1100 daAuts
     D:2: 1085 daAuts
     D:5: 823 daAuts
 Ossuary: 779 daAuts
 Abyss:2: 49 daAuts
     D:6: 39 daAuts
 Abyss:1: 8 daAuts

Table legend:
 A = Kills in this place as a percentage of kills in entire the game.
 B = Kills by you in this place as a percentage of kills by you in the entire game.
 C = Kills by friends in this place as a percentage of kills by friends in the entire game.
 D = Other kills in this place as a percentage of other kills in the entire game.
 E = Experience gained in this place as a percentage of experience gained in the entire game.
 F = Experience gained in this place divided by the number of levels of this place that you have seen.
                   A       B       C       D       E      F
               +-------+-------+-------+-------+-------+----------------------
         Total | 100.0 | 100.0 |   N/A |   N/A | 100.0 | 170.4
       Dungeon |  79.0 |  79.0 |   N/A |   N/A |  63.9 | 163.3
       Ossuary |  21.0 |  21.0 |   N/A |   N/A |  36.1 | 554.0
               +-------+-------+-------+-------+-------+----------------------

Action                   |  1- 3 |  4- 6 |  7- 9 || total
-------------------------+-------+-------+-------++-------
Melee: Unarmed           |    84 |   157 |   149 ||   390
       Constrict         |    21 |    36 |    42 ||    99
       Tentacles         |    13 |    34 |    36 ||    83
       Punch             |     2 |     6 |     7 ||    15
Throw: Boomerang         |       |     5 |    22 ||    27
       Dart              |       |     2 |     8 ||    10
Invok: Depart the Abyss  |     1 |       |       ||     1
  Use: Scroll            |     2 |     5 |     3 ||    10
       Potion            |       |     1 |     2 ||     3
 Stab: Sleeping          |     9 |     7 |     1 ||    17
       Invisible         |       |       |     3 ||     3
Armor: Skin              |     8 |     6 |     9 ||    23
Dodge: Dodged            |    44 |    69 |    72 ||   185

Vanquished Creatures
  A wyvern zombie (D:4)
  2 scorpions (D:4)
  6 water moccasin zombies (Ossuary)
  A bullfrog zombie (D:5)
  A hound (D:4)
  An orc priest (D:5)
  A centaur skeleton (D:4)
  4 iguanas
  An orc wizard (D:5)
  2 mummies (Ossuary)
  6 gnolls
  7 adders
  An ufetubus (D:5)
  3 adder skeletons
  3 adder zombies (Ossuary)
  A worm (D:2)
  A dart slug (D:5)
  24 orcs
  6 ball pythons
  13 endoplasms
  6 giant cockroaches
  3 gnoll zombies (Ossuary)
  6 goblins
  6 hobgoblins
  3 jackals (D:3)
  3 quokkas
  2 bats
  3 frilled lizards
  6 hobgoblin zombies (Ossuary)
  4 kobolds
  4 kobold zombies (Ossuary)
  6 orc zombies (Ossuary)
  6 rats
143 creatures vanquished.

Vanquished Creatures (others)
  A plant (D:4)
1 creature vanquished.

Grand Total: 144 creatures vanquished
